AoeStats
← JIJINz

African Clearing

510807810Analyzed
4v4 RM · 21h ago on Oct 2, 2026· 30m 1s· 8 players
Game mode
Random Map
Map size
Large (8 player)
Population
200
Speed
Normal
Resources
Standard
Victory
Conquest
Starting age
Dark Age
Ending age
Imperial Age
RankedLock teamsTeams togetherTeam positionsShared explorationLock speedFull tech treeHidden civsTurbo modeCheats
Victory
Defeat
1573
+15
🇷🇺 Maya · Russia
1556
+15
🇯🇵 Saxons · Japan
1545
+16
🇺🇸 Varangians · United States
1523
+17
🇧🇷 Danes · Brazil
1730
-24
🇲🇽 Koreans · Mexico
1553
-16
🇧🇷 Mongols · Brazil
1443
-12
🇧🇷 Saracens · Brazil
1438
-11
boo
9:21 Loom
12:43 Feudal Age
16:18 Castle Age
14:31 Double-Bit Axe
17:39 Bow Saw
18:28 Wheelbarrow
21:28 Horse Collar
24:31 Hand Cart
24:04 Town Watch
24:57 Heavy Plow
26:55 Scale Mail Armor
27:06 Forging
27:07 Gold Mining
27:10 Stone Mining
28:02 Chain Mail Armor
28:54 Stone Shaft Mining
28:26 Gambesons
29:21 Squires
29:07 Arson
StickyFingaz
5:57 Loom
13:34 Feudal Age
14:33 Double-Bit Axe
17:18 Castle Age
15:19 Gold Mining
16:24 Horse Collar
18:21 Bow Saw
20:00 Fletching
20:45 Fletching
23:35 Padded Archer Armor
24:08 Bodkin Arrow
28:06 Ballistics
28:25 Wheelbarrow
JIJINz
9:33 Loom
12:35 Feudal Age
16:20 Fletching
23:26 Castle Age
22:45 Double-Bit Axe
22:58 Gold Mining
25:17 Bodkin Arrow
trói em vào cột điện
9:53 Loom
12:57 Feudal Age
13:34 Double-Bit Axe
17:23 Scale Barding Armor
17:29 Bloodlines
17:57 Fletching
22:23 Wheelbarrow
26:37 Castle Age
27:46 Husbandry
28:22 Light Cavalry
29:42 Bow Saw
Chimas
3:16 Loom
13:18 Feudal Age
17:35 Castle Age
18:04 Double-Bit Axe
28:33 Scale Mail Armor
29:32 Squires
29:39 Arson
29:40 Gambesons
GAX | ERV
13:23 Feudal Age
14:41 Double-Bit Axe
14:46 Loom
17:25 Castle Age
19:20 Fletching
21:09 Wheelbarrow
23:26 Horse Collar
26:29 Hand Cart
26:58 Bow Saw
27:34 Bodkin Arrow
T0P_Obelisk
3:46 Loom
13:01 Feudal Age
19:46 Wheelbarrow
22:56 Castle Age
20:43 Double-Bit Axe
22:46 Gold Mining
22:38 Horse Collar
23:18 Crossbowman
24:25 Fletching
24:33 Elite Skirmisher
GAX | SUPERBOY
8:18 Loom
11:01 Feudal Age
14:48 Double-Bit Axe
16:01 Horse Collar
18:10 Wheelbarrow
18:02 Fletching
18:58 Town Watch
27:11 Castle Age
Connection lost

Rejoining the realm…

Still unreachable

The connection could not be restored.

Session expired

The server has moved on; the page needs a fresh start.